 Dungeon Crawl Stone Soup version 0.32-a0-361-g289a535e89 (webtiles) character file.

Game seed: 17222421628460643936

129 ytrimaz the Trooper (level 5, 0/42 HPs)
             Began as a Coglin Fighter on Feb 19, 2024.
             Was an Initiate of Okawaru.
             Slain by a ribbon worm (2 damage)
             ... on level 3 of the Dungeon.
             The game lasted 00:02:07 (1299 turns).

ytrimaz the Trooper (Coglin Fighter)                Turns: 1299, Time: 00:02:07

Health: 0/42       AC:  8    Str: 16    XL:     5   Next: 12%
Magic:  5/5        EV:  9    Int:  7    God:    Okawaru [......]
Gold:   77         SH:  0    Dex: 16    Spells: 4/4 levels left

rFire   . . .        a - +0 long sword {Msizi}
rCold   . . .        e - +2 dagger (freeze) {Somchai}
rNeg    . . .        b - +0 scale mail
rPois   .            h - +0 helmet
rElec   .            (no cloak)
rCorr   .            (no gloves)
SInv    .            (no boots)
Will    +....        (no amulet) Stlth
                     n - ring of willpower
HPRegen 0.27/turn    (no ring)
MPRegen 0.09/turn

%: no passive effects
@: revving
A: off-hand wielding, slow wielding, warmup strikes, warmup strides
a: Renounce Religion


You were on level 3 of the Dungeon.
You worshipped Okawaru.
Okawaru was noncommittal.
You visited 1 branch of the dungeon, and saw 3 of its levels.

You collected 77 gold pieces.


Innate Abilities, Weirdness & Mutations

You can wield a second weapon in your off-hand.
It takes a long time for you to wield or remove held weapons.
Your first few attacks do less damage.
Your first movements take longer.


   Skills:
 + Level 4.0 Fighting
 + Level 3.2 Long Blades
 + Level 3.6 Armour
 - Level 2.2 Shields


You had 4 spell levels left.
You didn't know any spells.
Your spell library was empty.

Inventory:

Hand Weapons
 a - a +0 long sword (weapon) {Msizi}
 e - a +2 dagger of freezing (worn) {Somchai}
   (You took it off a kobold on level 1 of the Dungeon)
Armour
 b - a +0 scale mail (worn)
 c - a +0 buckler
 h - a +0 helmet (worn)
   (You found it on level 1 of the Dungeon)
Jewellery
 n - a ring of willpower (left grasper)
   (You found it on level 2 of the Dungeon)
Scrolls
 f - 2 scrolls of identify {unknown}
 i - 2 scrolls of revelation {unknown}
 k - a scroll of enchant armour {unknown}
Potions
 d - a potion of might
 g - a potion of haste {unknown}
 j - a potion of curing {unknown}
 l - a potion of mutation {unknown}
 m - a potion of brilliance {unknown}

Dungeon Overview and Level Annotations

Branches:
Dungeon (3/15) Zot: 16598

Altars:
Okawaru

........#
##..###....
........#
#..##...#..
........#
##.##....#.#
........#
#..#..).##.#
..$.....#
#.##...##..#
........#
##)#...##..##
........##
#..#.###.(##
#Yw# #.†#.....##
##@####.....####
#...##.#####
###....# ######


You could see an ice beast and a ribbon worm.


Message History

You hit the ribbon worm with your +2 dagger of freezing.
You freeze the ribbon worm.
You hit the ribbon worm with your +0 long sword.
You kill the ribbon worm!
Okawaru accepts your kill.
You see here a ribbon worm corpse. 😕 HP[+1] Unknown command.
An orc comes into view. It is wielding a +0 trident. 😎 HP[+6]
Your hp is fully restored (42).
An orc is nearby!
An orc is nearby!
The orc hits you from afar with a +0 trident. 😕 HP[-2]
You take 2 damage, and now have 40/42 hp.
The orc closely misses you.
You hit the orc with your +2 dagger of freezing.
You freeze the orc.
You closely miss the orc with your +0 long sword.
The orc hits you with a +0 trident. The orc barely misses you. 😕 HP[-4]
You take 4 damage, and now have 36/42 hp.
You hit the orc but do no damage.
You closely miss the orc with your +0 long sword.
The orc barely misses you.
You barely miss the orc with your +0 long sword.
You hit the orc with your +2 dagger of freezing.
You freeze the orc.
You kill the orc!
Okawaru accepts your kill. 😕 HP[+1] No target in view!
Things that are here:
a +0 trident; a +0 ring mail Unknown command.
A ribbon worm comes into view.
The ribbon worm moves out of view. 😎 HP[+5]
Your hp is fully restored (42).
A ribbon worm is nearby!
The ribbon worm expels a string of sticky webbing.
The stream of webbing hits you but does no damage.
You are caught in a web!
There is a web here.
The web tears apart.
An ice beast comes into view.
The ribbon worm bites you. 😕 HP[-5]
You take 5 damage, and now have 37/42 hp.
Unknown command.
You barely miss the ribbon worm with your +0 long sword.
You hit the ribbon worm with your +2 dagger of freezing.
You freeze the ribbon worm. The ribbon worm bites you. 😕 HP[-2]
You take 2 damage, and now have 35/42 hp.
The ribbon worm bites you. x2
You are too injured to fight recklessly! 😮 HP[-5]
You take 5 damage, and now have 30/42 hp.
Unknown command.
You are too injured to fight recklessly!
You hit the ribbon worm with your +0 long sword.
You hit the ribbon worm with your +2 dagger of freezing.
You freeze the ribbon worm.
The ribbon worm bites you but does no damage.
Unknown command.
You are too injured to fight recklessly!
You slash the ribbon worm with your +0 long sword!
You barely miss the ribbon worm with your +2 dagger of freezing.
The ice beast hits you but does no damage.
The ribbon worm expels a string of sticky webbing.
The stream of webbing hits you but does no damage.
You are caught in a web!
You struggle to detach yourself from the web.
The ice beast hits you but does no damage. 😮 HP[+1]
You struggle to detach yourself from the web.
The ribbon worm bites you. The ice beast hits you. The ice beast freezes you!
* * * LOW HITPOINT WARNING * * *
😨 HP[-16]
You take 16 damage, and now have 15/42 hp.
MASSIVE DAMAGE!! (PAUSE)
The web tears apart.
The ribbon worm bites you but does no damage.
The ice beast hits you but does no damage.
Unknown command.
You hit the ice beast but do no damage. x2; The ribbon worm bites you.
* * * LOW HITPOINT WARNING * * *
The ice beast hits you but does no damage. 😨 HP[-1]
You take 1 damage, and now have 14/42 hp.
Unknown command.
Okay, then.
The ice beast hits you.
* * * LOW HITPOINT WARNING * * *
The ice beast freezes you!
* * * LOW HITPOINT WARNING * * *
The ribbon worm bites you.
You die...

Skill      XL: |  1  2  3  4 |
---------------+-------------+-----
Armour         | 3 |  3.6
Long Blades    | 3 |  3.2
Fighting       | 4 |  4.0
Shields        | |  2.2

Action                     |  1- 3 |  4- 6 || total
---------------------------+-------+-------++-------
  Melee: Long sword        |    51 |    58 ||   109
         Dagger            |    28 |    51 ||    79
 Armour: Scale mail        |    50 |    68 ||   118
  Dodge: Dodged            |    38 |    27 ||    65

Levels and vault maps discovered:
D:1:      zelgadis_glass_arrival_small, layout_rooms
D:2:      layout_basic, basic_altar, minmay_tetromino_o2
D:3:      minmay_evil_eye, layout_basic, st_stairs_3, uniq_sigmund

Notes
Turn   | Place    | Note
-------+----------+-------------------------------------------
     0 | D:1      | ytrimaz the Coglin Fighter began the quest for the Orb.
     0 | D:1      | Reached XP level 1. HP: 18/18 MP: 1/1
     0 | D:1      | magus.rc [v1.9.6]
    75 | D:1      | Reached XP level 2. HP: 19/24 MP: 2/2
    96 | D:1      | Reached skill level 3 in Armour
   178 | D:1      | Reached XP level 3. HP: 29/29 MP: 3/3
   612 | D:2      | Reached XP level 4. HP: 36/37 MP: 4/4
   617 | D:2      | Found an iron altar of Okawaru.
   700 | D:2      | Became a worshipper of Warmaster Okawaru
   774 | D:2      | Reached skill level 3 in Long Blades
  1168 | D:3      | Reached skill level 4 in Fighting
  1168 | D:3      | Reached XP level 5. HP: 37/42 MP: 5/5
  1290 | D:3      | Noticed an ice beast
  1299 | D:3      | HP: 2/42 [ice beast (11)]
  1299 | D:3      | Slain by a ribbon worm

Vanquished Creatures
  2 adders
  3 dart slugs
  4 ribbon worms
  An orc (D:3)
  A bat (D:3)
  4 endoplasms (D:1)
  4 giant cockroaches
  4 goblins
  6 hobgoblins
  4 jackals (D:2)
  4 quokkas
  6 ball pythons
  2 frilled lizards
  6 kobolds
  2 rats
53 creatures vanquished.

Table legend:
 A = Non-vault XP
 B = Vault XP
 C = Vault XP percentage of total XP
 D = Non-vault monster count
 E = Vault monster count
 F = Vault count percentage of total count
                 A         B        C        D         E       F
            +---------+---------+-------+---------+---------+-------
      Total |     149 |      36 |  19.5 |      46 |       7 |  13.2
            +---------+---------+-------+---------+---------+-------
        D:1 |      70 |       0 |   0.0 |      25 |       0 |   0.0
        D:2 |      71 |       8 |  10.1 |      19 |       2 |   9.5
        D:3 |       8 |      28 |  77.8 |       2 |       5 |  71.4
            +---------+---------+-------+---------+---------+-------

Skill      XL: |  1  2  3  4 |
---------------+-------------+-----
Armour         | 3 |  3.6
Long Blades    | 3 |  3.2
Fighting       | 4 |  4.0
Shields        | |  2.2

Action                     |  1- 3 |  4- 6 || total
---------------------------+-------+-------++-------
  Melee: Long sword        |    51 |    58 ||   109
         Dagger            |    28 |    51 ||    79
 Armour: Scale mail        |    50 |    68 ||   118
  Dodge: Dodged            |    38 |    27 ||    65

Illustrated notes

Table legend:
 A = Kills in this place as a percentage of kills in the entire game.
 B = Kills by you in this place as a percentage of kills by you in the entire game.
 C = Kills by friends in this place as a percentage of kills by friends in the entire game.
 D = Other kills in this place as a percentage of other kills in the entire game.
 E = Experience gained in this place as a percentage of experience gained in the entire game.
 F = Experience gained in this place divided by the number of levels of this place that you have seen.
                   A       B       C       D       E      F
               +-------+-------+-------+-------+-------+----------------------
         Total | 100.0 | 100.0 |   N/A |   N/A | 100.0 |  61.7
       Dungeon | 100.0 | 100.0 |   N/A |   N/A | 100.0 |  61.7
               +-------+-------+-------+-------+-------+----------------------

Table legend: (Time is in decaauts)
 A = Elapsed time spent in this place.
 B = Non-inter-level travel time spent in this place.
 C = Inter-level travel time spent in this place.
 D = Time resting spent in this place.
 E = Time spent auto-exploring this place.
 F = Levels seen in this place.
 G = Mean time per level.
                   A        B        C        D        E       F      G
               +--------+--------+--------+--------+--------+-----+--------+
         Total |   1399 |   1378 |     21 |      0 |    941 |   3 |  466.3 |
       Dungeon |   1399 |   1378 |     21 |      0 |    941 |   3 |  466.3 |
               +--------+--------+--------+--------+--------+-----+--------+

Top non-repeatable levels by time:
     D:2: 677 daAuts
     D:1: 561 daAuts
     D:3: 161 daAuts
